 Dungeon Crawl Stone Soup version 0.26-a0-852-g6321bf7485 (webtiles) character file.

Game seed: 5971779428921398185

80255 mhtbhm the Peltast (level 15, -6/96 HPs)
             Began as a Gargoyle Fighter on Nov 21, 2020.
             Was the Champion of Okawaru.
             Killed by the air
             ... invoked by a wind drake
              (30 damage)
             ... on level 3 of the Shoals on Nov 22, 2020.
             The game lasted 00:32:22 (23672 turns).

mhtbhm the Peltast (Gargoyle Fighter)              Turns: 23672, Time: 00:32:22

Health: -6/96      AC: 36    Str: 27    XL:     15   Next: 66%
Magic:  15/15      EV: 13    Int: 18    God:    Okawaru [******]
Gold:   1530       SH: 24    Dex: 15    Spells: 14/14 levels left

rFire    + . .     SeeInvis .   M - +8 whip "Snakebite" {curare, rPois}
rCold    + . .     Faith    .   c - +2 tower shield {rC+}
rNeg     + + +     Spirit   .   b - +0 pearl dragon scales
rPois    ∞         Reflect  .   H - +2 hat {MR+}
rElec    +         Harm     .   B - +0 cloak
rCorr    +         Rampage  .   r - +2 pair of gloves of Poor Excuses {*Contam MR+ rCorr Dex+6}
MR       ++++.                  o - +2 pair of boots
Stlth    ..........             (no amulet)
HPRegen  0.26/turn              J - ring of Reimbursement {rF+ rN+++ MR+ Int+4 Stlth-}
MPRegen  0.14/turn              i - +6 ring of intelligence

@: about to teleport, flying
A: big wings, negative energy resistance 1, electricity resistance, unbreathing,
petrification resistance, rot immunity, AC +11
a: Stop Flying, Heroism, Finesse, Renounce Religion


You were on level 3 of the Shoals.
You worshipped Okawaru.
Okawaru was exalted by your worship.
You visited 4 branches of the dungeon, and saw 19 of its levels.

You collected 1530 gold pieces.

Inventory:

Hand Weapons
 a - the +3 eveningstar of Bodily Harmony {antimagic, Dex+3}
   (Okawaru gifted it to you on level 1 of the Lair of Beasts)

   It reduces the magical energy of the wielder, and disrupts the spells and
   magical abilities of those hit.
   Natural abilities and divine invocations are not affected.
   It affects your dexterity (+3).
 M - the +8 whip "Snakebite" (weapon) {curare, rPois}
   (You found it on level 3 of the Lair of Beasts)

   It poisons the flesh of those it strikes.
   It protects you from poison.
Missiles
 R - 3 curare-tipped darts (quivered)
Armour
 b - +0 pearl dragon scales (worn)
 c - a +2 tower shield of cold resistance (worn)
 o - a +2 pair of boots (worn)
 r - the +2 pair of gloves of Poor Excuses (worn) {*Contam MR+ rCorr Dex+6}
   (You found it on level 3 of the Lair of Beasts)

   It affects your dexterity (+6).
   It affects your resistance to hostile enchantments.
   It causes magical contamination when unequipped.
   It provides partial protection from all sources of acid and corrosion.
 B - a +0 cloak (worn)
 H - a +2 hat of magic resistance (worn)
 K - the +1 ring mail of Exceptional Miracles {rElec rF+ rCorr SInv}
   (Okawaru gifted it to you on level 6 of the Lair of Beasts)

   It protects you from fire.
   It insulates you from electricity.
   It lets you see invisible.
   It provides partial protection from all sources of acid and corrosion.
Jewellery
 i - a +6 ring of intelligence (right hand)
 J - the ring of Reimbursement (left hand) {rF+ rN+++ MR+ Int+4 Stlth-}
   (You found it on level 2 of the Lair of Beasts)

   [ring of protection from magic]

   It affects your intelligence (+4).
   It protects you from fire.
   It renders you almost immune to negative energy.
   It affects your resistance to hostile enchantments.
   It makes you less stealthy.
Wands
 g - a wand of digging (7)
 O - a wand of acid (8)
Scrolls
 h - a scroll of teleportation
 l - 3 scrolls of identify
 m - 3 scrolls of enchant weapon
 n - 3 scrolls of enchant armour
 p - 3 scrolls of fear
 q - 2 scrolls of immolation
 x - 2 scrolls of fog
 y - 2 scrolls of magic mapping
 D - 4 scrolls of remove curse
 E - 2 scrolls of noise {unknown}
 I - a scroll of blinking {unknown}
 L - a scroll of vulnerability {unknown}
Potions
 d - 3 potions of might
 f - 3 potions of brilliance
 j - a potion of curing
 k - a potion of magic
 t - 2 potions of attraction {unknown}
 u - a potion of haste {unknown}
 w - 8 potions of ambrosia {unknown}
 z - a potion of flight {unknown}
 F - a potion of berserk rage {unknown}
 G - a potion of mutation {unknown}
 Q - a potion of cancellation {unknown}
Miscellaneous
 e - a tin of tremorstones (inert)
 N - a lightning rod (1/4)


   Skills:
 + Level 11.7 Fighting
 + Level 14.2 Maces & Flails
 + Level 10.9 Armour
 + Level 8.0 Dodging
 + Level 4.6 Stealth
 + Level 16.5 Shields
 + Level 0.1 Invocations
 + Level 1.9 Evocations


You had 14 spell levels left.
You didn't know any spells.
Your spell library contained the following spells:

 Spells                   Type           Power        Failure   Level
 Freeze                   Ice            #...         82%         1
 Poisonous Vapours        Pois/Air       #.....       91%         2
 Confusing Touch          Hex            #.......     99%         3
 Conjure Flame            Conj/Fire      #.......     99%         3
 Frozen Ramparts          Ice            #.....       99%         3
 Gell's Gravitas          Tloc           #.........   99%         3
 Mephitic Cloud           Conj/Pois/Air  #.......     99%         3
 Ozocubu's Armour         Ice            #.......     99%         3
 Hailstorm                Conj/Ice       #.......     100%        4
 Petrify                  Tmut/Erth      #.......     100%        4
 Summon Ice Beast         Ice/Summ       #.......     100%        4
 Bolt of Magma            Conj/Fire/Erth #.........   100%        5
 Iskenderun's Battlesphe  Conj           #.......     100%        5
 Metabolic Englaciation   Hex/Ice        #.........   100%        5
 Yara's Violent Unravell  Hex/Tmut       #.........   100%        5
 Freezing Cloud           Conj/Ice/Air   #.........   100%        6
 Iron Shot                Conj/Erth      #.........   100%        6
 Orb of Destruction       Conj           #.........   100%        7
 Spellforged Servitor     Conj/Summ      #.........   100%        7


Dungeon Overview and Level Annotations

Branches:
Dungeon (9/15)             Temple (1/1) D:6            Lair (6/6) D:9
 Shoals (3/4) Lair:4       Spider (0/4) Lair:2        Slime (0/5) Lair:6
    Orc (0/2) D:9

Altars:
Ashenzari
Cheibriados
Dithmenos
Elyvilon
Fedhas
Gozag
Hepliaklqana
Kikubaaqudgha
Makhleb
Nemelex Xobeh
Okawaru
Qazlal
Ru
Sif Muna
Trog
Uskayaw
Vehumet
Wu Jian
Xom
Yredelemnul
Zin
The Shining One
Beogh
Jiyva

Annotations:
D:3 Dowan
Shoals:3 2 transporters


Innate Abilities, Weirdness & Mutations

You are resistant to torment.
Your stone body is resilient. (AC +11)
You are immune to poison.
Your large and strong wings let you fly indefinitely.
You resist negative energy. (rN+)
You are resistant to electric shocks. (rElec)
You can survive without breathing.
You are immune to petrification.
You are immune to rotting.


Message History

The wind drake seems to be corroded for longer.
You kill the wind drake!
Okawaru accepts your kill.
The bolt of acid hits the manticore!
The manticore is splashed with acid.
The acid corrodes the manticore!
The manticore is moderately wounded.
A merfolk siren comes into view. It is wielding a +0 spear.
The merfolk siren chants a haunting song.
You resist with almost no effort.
A wind drake comes into view.
Unknown command.
The manticore flicks its tail.
The volley of spikes hits you but does no damage.
As you read the scroll of teleportation, it crumbles to dust.
You feel strangely unstable.
The manticore flicks its tail.
You block the volley of spikes. The wind drake flaps its wings at you.
The air twists around and violently strikes you in flight!!
You die...

≈≈≈≈≈.......≈≈≈≈≈≈≈≈≈≈≈≈≈
≈≈≈≈≈.....#..(≈≈≈≈≈≈≈≈≈≈≈
≈≈≈≈..#######.(≈≈≈≈≈≈≈≈≈≈
≈≈≈≈.(.#.###..)†≈≈≈≈≈≈km≈
≈≈≈≈..<........≈≈≈≈≈≈≈≈≈≈
≈≈≈≈≈...≈≈≈≈...≈≈≈≈≈≈≈≈≈≈
≈≈≈≈≈....≈≈≈≈.≈≈≈≈≈≈≈≈≈≈.
≈≈≈≈.....≈≈≈≈≈≈≈≈≈E≈≈≈≈..
≈≈≈....##..≈≈≈≈≈@≈≈≈≈≈≈.#
≈.....####.≈≈≈≈≈≈≈≈≈≈≈≈≈.
.....≈≈≈##..≈≈≈≈≈≈≈≈≈....
..≈≈###≈≈..≈≈≈≈≈≈H≈≈≈≈...
##### #.≈≈≈≈≈≈≈≈≈≈≈≈≈≈..
#..©.. .≈≈≈≈≈≈≈≈≈≈≈≈≈...
....#..##≈≈≈≈≈≈≈≈≈≈≈....!
H.#...#.#≈≈≈≈≈≈≈≈≈≈≈.#...
t.##H . #≈≈≈≈≈≈≈≈≈≈≈≈...#


You could see a wind drake (repels missiles), a manticore (corroded), a water
elemental and a merfolk siren.

Vanquished Creatures
  The ghost of Odimp the Protected, a journeyman KoWn of Wu Jian (Lair:4)
  2 merfolk javelineers (Shoals:2)
  2 merfolk impalers
  A fire dragon (Lair:6)
  11 hydras
  A two-headed ogre (D:8)
  Erica (Lair:2)
  A merfolk avatar (Shoals:2)
  6 death yaks (Lair:5)
  A satyr (Shoals:3)
  5 sea snakes
  A lindwurm (Lair:6)
  5 harpies (Shoals:1)
  4 fauns
  A cyclops (Shoals:1)
  4 oklob plants
  4 manticores
  21 elephants
  8 black mambas
  5 merfolk sirens
  5 torpor snails (Lair:6)
  17 cane toads
  A water nymph (Shoals:2)
  A rime drake (Lair:6)
  12 komodo dragons
  2 harpy zombies (Shoals:2)
  3 meliai (Lair:5)
  5 tyrant leeches
  4 polar bears
  6 hornets (Lair:6)
  8 merfolk
  A queen bee (Lair:5)
  17 blink frogs
  4 snapping turtles
  4 dream sheep (Shoals:1)
  4 wind drakes
  Sigmund (D:2)
  3 water elementals
  39 yaks
  5 wyverns
  6 basilisks
  29 water moccasins
  3 swamp worms (Lair:2)
  Duvessa (D:3)
  6 orc warriors
  4 black bears
  A necrophage (D:8)
  A phantom (D:9)
  7 wolves
  A sky beast (D:6)
  A manticore zombie (Shoals:2)
  3 ogres
  6 centaurs
  2 big kobolds (D:9)
  21 bullfrogs
  A water moccasin zombie (D:8)
  A scorpion (D:5)
  29 killer bees
  7 wights
  A howler monkey (D:5)
  5 electric eels
  A bullfrog zombie (D:7)
  2 jellies
  A centaur skeleton (D:7)
  6 hounds
  4 orc priests
  10 orc wizards
  3 bullfrog skeletons
  2 iguanas
  7 worker ants
  A hound skeleton (D:7)
  2 howler monkey zombies
  A howler monkey skeleton (D:5)
  23 gnolls
  14 adders
  A shadow imp (D:5)
  2 white imps
  An ufetubus (D:7)
  2 oozes
  An adder skeleton (D:4)
  4 worms
  4 dart slugs
  3 leopard geckos
  62 orcs
  A ball python (D:5)
  4 giant cockroaches
  5 goblins
  7 hobgoblins
  9 jackals
  14 kobolds
  3 quokkas
  6 bats
  4 frilled lizards
  A jackal skeleton (D:7)
  2 quokka skeletons
  7 rats
583 creatures vanquished.

Vanquished Creatures (collateral kills)
  An orc priest (D:9)
  2 orc wizards (D:9)
  An orc (D:9)
4 creatures vanquished.

Vanquished Creatures (others)
  A butterfly (Lair:3)
  88 fungi
  143 plants
232 creatures vanquished.

Grand Total: 819 creatures vanquished

Notes
Turn   | Place    | Note
-------+----------+-------------------------------------------
     0 | D:1      | mhtbhm the Gargoyle Fighter began the quest for the Orb.
     0 | D:1      | Reached XP level 1. HP: 14/14 MP: 1/1
   171 | D:1      | Reached XP level 2. HP: 19/19 MP: 2/2
   653 | D:2      | Reached XP level 3. HP: 19/23 MP: 3/3
   842 | D:2      | Noticed Sigmund
  1120 | D:2      | Killed Sigmund
  1121 | D:2      | Reached skill level 1 in Dodging
  1121 | D:2      | Reached skill level 4 in Shields
  1121 | D:2      | Reached XP level 4. HP: 29/29 MP: 4/4
  1121 | D:2      | Reached XP level 5. HP: 33/33 MP: 5/5
  1287 | D:2      | Reached XP level 6. HP: 22/38 MP: 6/6
  2085 | D:3      | Found a glowing golden altar of the Shining One.
  2092 | D:3      | Found a stormy altar of Qazlal.
  2215 | D:3      | Found a shimmering altar of Xom.
  2288 | D:4      | Noticed Duvessa
  2288 | D:4      | Noticed Dowan
  2488 | D:3      | Killed Duvessa
  2803 | D:4      | Reached XP level 7. HP: 43/43 MP: 7/7
  2863 | D:4      | Reached skill level 5 in Shields
  2897 | D:4      | Found a hazy altar of Hepliaklqana.
  2897 | D:4      | Found a shimmering blue altar of Sif Muna.
  3137 | D:4      | Found a bloodstained altar of Trog.
  3148 | D:4      | Found a blossoming altar of Fedhas.
  3199 | D:4      | Reached skill level 5 in Maces & Flails
  3238 | D:4      | Found an opulent altar of Gozag.
  3411 | D:5      | Entered Level 5 of the Dungeon
  3917 | D:5      | Reached skill level 5 in Armour
  3917 | D:5      | Reached XP level 8. HP: 48/48 MP: 8/8
  4670 | D:6      | Found a staircase to the Ecumenical Temple.
  4778 | Temple   | Entered the Ecumenical Temple
  4803 | Temple   | Became a worshipper of Warmaster Okawaru
  4870 | D:6      | Reached skill level 5 in Fighting
  5238 | D:6      | Reached skill level 6 in Shields
  5327 | D:6      | Found a runed translucent door.
  5420 | D:6      | Reached * piety under Okawaru
  6233 | D:6      | Reached skill level 1 in Stealth
  6260 | D:6      | Reached XP level 9. HP: 29/54 MP: 9/9
  6338 | D:6      | Found a roughly hewn altar of Beogh.
  7498 | D:7      | Found a glowing silver altar of Zin.
  7667 | D:8      | Reached ** piety under Okawaru
  7678 | D:8      | Reached skill level 7 in Shields
  7959 | D:8      | Found a shadowy altar of Dithmenos.
  7998 | D:8      | Noticed a two-headed ogre
  8011 | D:8      | Killed a two-headed ogre
  8012 | D:8      | Reached XP level 10. HP: 37/61 MP: 10/10
  8202 | D:8      | Reached *** piety under Okawaru
  8594 | D:8      | Reached skill level 8 in Shields
  8937 | D:9      | Reached **** piety under Okawaru
  9012 | D:9      | Found a white marble altar of Elyvilon.
  9068 | D:9      | Received a gift from Okawaru
  9144 | D:9      | Found a staircase to the Lair.
  9163 | D:9      | Reached skill level 10 in Maces & Flails
  9243 | D:9      | Reached skill level 9 in Shields
  9395 | D:9      | Reached XP level 11. HP: 62/67 MP: 11/11
  9457 | D:9      | Reached ***** piety under Okawaru
  9476 | D:9      | Reached skill level 5 in Dodging
  9677 | D:9      | Found a staircase to the Orcish Mines.
  9825 | D:9      | Found a hide-covered altar of Uskayaw.
  9826 | D:9      | Noticed a +0 dagger
  9826 | D:9      | Noticed a +0 dagger
 10199 | Lair:1   | Entered Level 1 of the Lair of Beasts
 10286 | Lair:1   | Received a gift from Okawaru
 10294 | Lair:1   | Reached skill level 1 in Evocations
 10819 | Lair:1   | Noticed a seven-headed hydra
 10866 | Lair:1   | Killed a seven-headed hydra
 11482 | Lair:1   | Reached skill level 10 in Shields
 11700 | Lair:1   | Received a gift from Okawaru
 11704 | Lair:1   | Got a crude eveningstar {god gift}
 11705 | Lair:1   | Identified the +3 eveningstar of Bodily Harmony {antimagic,
                  | Dex+3} (Okawaru gifted it to you on level 1 of the Lair of
                  | Beasts)
 12162 | Lair:1   | Reached XP level 12. HP: 48/74 MP: 4/12
 12413 | Lair:2   | Noticed Erica
 12428 | Lair:2   | Killed Erica
 12461 | Lair:2   | Found a hole to the Spider Nest.
 12677 | Lair:2   | Received a gift from Okawaru
 13119 | Lair:2   | Received a gift from Okawaru
 13507 | Lair:2   | Reached skill level 11 in Shields
 13685 | Lair:2   | Got an ancient brass ring
 13910 | Lair:3   | Noticed a five-headed hydra
 14036 | Lair:2   | Killed a five-headed hydra
 14036 | Lair:2   | Reached ****** piety under Okawaru
 14306 | Lair:2   | Received a gift from Okawaru
 14526 | Lair:3   | Identified the ring of Reimbursement {rF+ rN+++ MR+ Int+4
                  | Stlth-} (You found it on level 2 of the Lair of Beasts)
 14974 | Lair:3   | Noticed a six-headed hydra
 14986 | Lair:3   | Killed a six-headed hydra
 14987 | Lair:3   | Reached XP level 13. HP: 30/80 MP: 4/13
 15598 | Lair:3   | Found the +8 whip "Snakebite" {curare, rPois}
 16356 | Lair:3   | HP: 3/80 [acid (10)]
 16697 | Lair:3   | Got a pair of bloodstained gloves
 16703 | Lair:3   | Identified the +2 pair of gloves of Poor Excuses {*Contam
                  | MR+ rCorr Dex+6} (You found it on level 3 of the Lair of
                  | Beasts)
 16814 | Lair:4   | Received a gift from Okawaru
 16815 | Lair:4   | Reached skill level 12 in Shields
 17072 | Lair:4   | Found a runed translucent door.
 17073 | Lair:4   | Noticed Odimp's ghost (journeyman KoWn)
 17657 | Lair:4   | Reached skill level 10 in Armour
 17663 | Lair:4   | Found a staircase to the Shoals.
 17913 | Lair:4   | Killed Odimp's ghost
 18104 | Lair:5   | Reached skill level 10 in Fighting
 18229 | Lair:5   | Reached skill level 13 in Shields
 18249 | Lair:5   | Gained mutation: Your large and strong wings let you fly
                  | indefinitely. [Gargoyle growth]
 18249 | Lair:5   | Reached XP level 14. HP: 86/88 MP: 14/14
 18849 | Lair:5   | Received a gift from Okawaru
 19486 | Lair:6   | Entered Level 6 of the Lair of Beasts
 19628 | Lair:6   | Reached skill level 14 in Shields
 20220 | Lair:6   | Found a staircase to the Slime Pits.
 20221 | Lair:6   | Found a viscous altar of Jiyva.
 20317 | Lair:6   | Found a runed translucent door.
 20356 | Lair:6   | Received a gift from Okawaru
 20367 | Lair:6   | Got a polished ring mail {god gift}
 20373 | Lair:6   | Identified the +1 ring mail of Exceptional Miracles {rElec
                  | rF+ rCorr SInv} (Okawaru gifted it to you on level 6 of the
                  | Lair of Beasts)
 20632 | Lair:6   | Reached skill level 15 in Shields
 20867 | Lair:6   | Reached XP level 15. HP: 86/94 MP: 15/15
 21559 | Shoals:1 | Entered Level 1 of the Shoals
 21893 | Shoals:1 | You are sucked into a shaft and drop 1 floor!
 22087 | Shoals:3 | Found the +3 robe of Folly {Archmagi, MR-- Int+5}
 22136 | Shoals:3 | HP: 2/95 [wind drake/the air (24)]
 22137 | Shoals:3 | Found a transporter.
 22181 | Shoals:3 | Received a gift from Okawaru
 22691 | Shoals:2 | Identified the +5 leather armour "Ihyem" {rC+ Regen+
                  | Slay+3}
 22727 | Shoals:2 | Reached skill level 16 in Shields
 23656 | Shoals:3 | Found a transporter.
 23672 | Shoals:3 | Killed from afar by a wind drake

Illustrated notes

Levels and vault maps discovered:
D:1:      dpeg_arrival_leaves_temple_mockup, layout_rooms
D:2:      layout_basic, uniq_sigmund
D:3:      layout_rooms, xom_butterflies, amethyst_overflow_temple_binary,
          chequers_serial_rivers_micro_c, minmay_misc_feat_tower
D:4:      layout_rooms, kennysheep_little_box, grunt_temple_overflow_open,
          uniq_duvessa
D:5:      layout_basic
D:6:      layout_layer_cave, minmay_temple_entry_nine_rooms,
          lightli_church_of_beogh
D:7:      layout_gridville, zin_scriptorium
D:8:      layout_basic, grunt_dithmenos_smoke_and_mirrors
D:9:      layout_basic, dancing_weapons_uskayaw, due_lair_maze_entry_diamond,
          david_orc_4, basic_altar, st_stairs_7
Temple:   chequers_temple_sunken
Lair:1:   layout_cave_shapes, serial_bayou_pond_a
Lair:2:   layout_roguey, dummy_spider_entry, worms_lemuel,
          infiniplex_staircase_pool_2, serial_bayou_shore_b, uniq_erica
Lair:3:   minmay_guarded_unrand_snakebite, layout_loops_ring,
          lemuel_fruit_fields, serial_bayou_shore_a, minmay_lair_oklob_chamber,
          serial_bayou_shore_b, grunt_megastairs_5, lemuel_fruit_tree,
          serial_bayou_shore_b
Lair:4:   layout_loops_ring, elwin_shoals_entry_rooms, gammafunk_ghost_grave,
          minivault_19, grunt_megastairs_1
Lair:5:   layout_roguey [special_room_bee]
Lair:6:   wormcave, layout_regular_city, slime_altar_1, serial_bayou_ford_a,
          lemuel_fruit_fields, lemuel_fruit_fields
Shoals:1: layout_shoals
Shoals:2: layout_shoals, nicolae_shoals_undead_eyrie
Shoals:3: layout_shoals, gammafunk_ghost_berserking_beasts

Skill      XL: |  1  2  3  4  5  6  7  8  9 10 11 12 13 14 15 |
---------------+----------------------------------------------+-----
Armour         | 4 5 6 7 8 9 10 | 10.9
Fighting       | 4 5 6 7 8 9 10 11 | 11.7
Maces & Flails | 3 4 5 7 8 10 11 12 13 14 | 14.2
Dodging        | 1 2 3 4 5 6 7 8 |  8.0
Shields        | 4 5 6 7 9 10 11 13 15 16 | 16.5
Stealth        | 1 2 4 |  4.6
Evocations     | 1 |  1.9
Invocations    | |  0.1

Action                   |  1- 3 |  4- 6 |  7- 9 | 10-12 | 13-15 || total
-------------------------+-------+-------+-------+-------+-------++-------
Melee: Flail             |    90 |    75 |   482 |   648 |       ||  1295
       Whip              |       |   129 |    67 |       |  1457 ||  1653
       Eveningstar       |       |       |       |   318 |    73 ||   391
Invok: Heroism           |       |       |       |       |     2 ||     2
 Abil: Fly               |       |       |       |       |     1 ||     1
Evoke: Wand              |       |     2 |     7 |     3 |    17 ||    29
       Lightning rod     |       |       |       |       |     5 ||     5
       Tin of tremorston |       |       |       |       |     2 ||     2
  Use: Scroll            |     5 |     1 |     7 |     2 |     7 ||    22
       Potion            |     1 |       |     1 |     2 |     5 ||     9
 Stab: Invisible         |       |       |       |       |     8 ||     8
       Distracted        |       |       |       |       |     1 ||     1
Armor: Scale mail        |    59 |    99 |   243 |   439 |    75 ||   915
       Skin              |     1 |     1 |       |       |       ||     2
       Pearl dragon scal |       |       |       |       |   299 ||   299
       Ring mail         |       |       |       |       |     1 ||     1
Dodge: Dodged            |    39 |    65 |   183 |   376 |   334 ||   997
Block: Kite shield       |    58 |    96 |   284 |   584 |   291 ||  1313
       Tower shield      |       |       |       |       |   758 ||   758

Table legend: (Time is in decaauts)
 A = Elapsed time spent in this place.
 B = Non-inter-level travel time spent in this place.
 C = Inter-level travel time spent in this place.
 D = Time resting spent in this place.
 E = Time spent auto-exploring this place.
 F = Levels seen in this place.
 G = Mean time per level.
                   A        B        C        D        E       F      G
               +--------+--------+--------+--------+--------+-----+--------+
         Total |  23151 |  22877 |    274 |   5016 |  12031 |  19 | 1218.5 |
       Dungeon |  10253 |  10166 |     87 |   1424 |   5988 |   9 | 1139.2 |
        Temple |     62 |     62 |      0 |      0 |      0 |   1 |   62.0 |
          Lair |  10903 |  10716 |    187 |   2872 |   5335 |   6 | 1817.2 |
        Shoals |   1931 |   1931 |      0 |    720 |    708 |   3 |  643.7 |
               +--------+--------+--------+--------+--------+-----+--------+

Top non-repeatable levels by time:
  Lair:3: 2424 daAuts
  Lair:1: 2184 daAuts
  Lair:2: 1902 daAuts
     D:6: 1893 daAuts
  Lair:6: 1802 daAuts
Shoals:2: 1435 daAuts
     D:9: 1425 daAuts
  Lair:5: 1411 daAuts
     D:5: 1212 daAuts
     D:8: 1186 daAuts
  Lair:4: 1178 daAuts
     D:3: 1107 daAuts
     D:7: 1063 daAuts
     D:2: 904 daAuts
     D:1: 735 daAuts
